 Dungeon Crawl Stone Soup version 0.28.0 (webtiles) character file.

Game seed: 1650903454860239818

14 horus123 the Vexing (level 2, 0/16 HPs)
             Began as a Deep Elf Enchanter on Feb 14, 2022.
             Slain by a hobgoblin (2 damage)
             ... on level 1 of the Dungeon.
             The game lasted 00:01:20 (726 turns).

horus123 the Vexing (Deep Elf Enchanter)             Turns: 726, Time: 00:01:21

Health: 0/16       AC:  2    Str:  5    XL:     2   Next: 31%
Magic:  6/8        EV: 12    Int: 19    God:
Gold:   0          SH:  0    Dex: 15    Spells: 5/7 levels left

rFire   . . .      SeeInvis .   h - +0 short sword
rCold   . . .      Faith    .   (no shield)
rNeg    . . .      Spirit   .   b - +0 robe
rPois   .          Reflect  .   (no helmet)
rElec   .          Harm     .   (no cloak)
rCorr   .          Rampage  .   (no gloves)
Will    .....                   (no boots)
Stlth   ++........              (no amulet)
HPRegen 0.05/turn               (no ring)
MPRegen 0.11/turn               (no ring)

@: very slightly contaminated
A: no striking features
a: no special abilities


You were on level 1 of the Dungeon.
You visited 1 branch of the dungeon, and saw 1 of its levels.

Inventory:

Hand Weapons
 a - a +1 dagger
 h - a +0 short sword (weapon)
Armour
 b - a +0 robe (worn)
Potions
 c - a potion of invisibility
 e - a potion of heal wounds


   Skills:
 + Level 1.6 Fighting
 - Level 1.0 Short Blades
 - Level 2.4 Dodging
 - Level 3.6 Stealth
 - Level 3.0 Spellcasting
 - Level 4.0 Hexes


You had 5 spell levels left.
You knew the following spells:

 Your Spells              Type           Power      Damage    Failure   Level
a - Ensorcelled Hibernat  Hex/Ice        20%        N/A       10%         2

Your spell library contained the following spells:

 Spells                   Type           Power      Damage    Failure   Level
 Confusing Touch          Hex            18%        N/A       9%          3
 Tukima's Dance           Hex            18%        N/A       9%          3
 Dazzling Flash           Conj/Hex       20%        N/A       21%         3


Dungeon Overview and Level Annotations

Branches:
Dungeon (1/15)

Altars:


Message History

You barely miss the hobgoblin.
The hobgoblin is moderately wounded.
The hobgoblin barely misses you.
You closely miss the hobgoblin.
The hobgoblin is moderately wounded.
The hobgoblin completely misses you.
You hit the hobgoblin.
The hobgoblin is heavily wounded.
The hobgoblin hits you.
You hit the hobgoblin.
You kill the hobgoblin!
No target in view!
You see here a +0 scale mail.
A quokka comes into view.
A hobgoblin comes into view.
The quokka barely misses you. The quokka bites you.
You hit the quokka.
The quokka is lightly wounded.
The quokka barely misses you.
You closely miss the quokka.
The quokka is lightly wounded.
The quokka bites you.
You barely miss the quokka.
The quokka is lightly wounded.
The quokka bites you. The hobgoblin hits you.
* * * LOW HITPOINT WARNING * * *
You are too injured to fight recklessly!
The quokka closely misses you. The quokka bites you.
* * * LOW HITPOINT WARNING * * *
You see here a +0 club.
Casting: Ensorcelled Hibernation (safe; 10% risk of failure)
Confirm with . or Enter, or press ? or * to list all spells.
Aiming: Ensorcelled Hibernation (safe; 10% risk of failure)
Press: ? - help, Shift-Dir - straight line, f - hobgoblin
Aim: a hobgoblin (chance to affect: 62%)
You miscast Ensorcelled Hibernation.
You are very lightly contaminated with residual magic.
Nothing appears to happen.
The hobgoblin hits you.
You die...

#.. #...# #.......## #####
#..#######...#####.#####.# #....
...................# #.####....
...................# #.........
#..............[.# #..###.†..
########...#####.#####..# #....
..# #...## #.........# ##### #.#
#....###.###'###'###.... .
###.####...)rg@...+.#.......### .
#........#..###.#######.#+#.###
.##.#.####......#.'.....#.#...#..
.........#...##.#.#.....#.#.#....
♣........######.#+#..>..###.#.(..
♣♣..#.##.######.#.#..<..#.#.#...#
♣..#.........+.#.+.....#.#...###
♣♣....##.####.#'#.#######.#'#####
♣.).................+†#..........


You could see a quokka and a hobgoblin.

Vanquished Creatures
  A dart slug (D:1)
  3 giant cockroaches (D:1)
  A goblin (D:1)
  A hobgoblin (D:1)
  2 kobolds (D:1)
  A quokka (D:1)
  A ball python (D:1)
  A frilled lizard (D:1)
11 creatures vanquished.

Vanquished Creatures (others)
  13 plants (D:1)
13 creatures vanquished.

Grand Total: 24 creatures vanquished

Notes
Turn   | Place    | Note
-------+----------+-------------------------------------------
     0 | D:1      | horus123 the Deep Elf Enchanter began the quest for the
                  | Orb.
     0 | D:1      | Reached XP level 1. HP: 10/10 MP: 6/6
   194 | D:1      | Reached skill level 1 in Fighting
   227 | D:1      | Reached XP level 2. HP: 9/16 MP: 8/8
   558 | D:1      | Learned a level 2 spell: Ensorcelled Hibernation
   726 | D:1      | Slain by a hobgoblin

Illustrated notes

Levels and vault maps discovered:
D:1:      shiori_arrival_maze, layout_loops_cross,
          dilly_ecumenical_altar_fadedgnrine

Skill      XL: |  1 |
---------------+----+-----
Fighting       | 1 |  1.6
Short Blades   | |  1.0
Dodging        | |  2.4
Stealth        | |  3.6
Spellcasting   | |  3.0
Hexes          | |  4.0

Action                   || total
-------------------------++-------
Melee: Dagger            ||    68
       Punch             ||     1
       Short sword       ||    10
  Use: Scroll            ||     3
 Stab: Sleeping          ||     3
Armor: Robe              ||    17
Dodge: Dodged            ||    42
